Map: [ESL] Alcyone

Players

Reynor - Winner!

  • Race: Zerg Zerg
  • Spawn Location: 1:00

Clem

  • Race: Terran Terran
  • Spawn Location: 7:00

Event: ESL SC2 Masters 2023 Winter (Regional)

VOD

Have the link to the VOD?

Description

Time

  • Played on: Nov. 19, 2023, 10:20 a.m.
  • Length: 6:10

All games in this series

Show
View Real Time Build Order
Export as new Build Order

Reynor Zerg - Winner!

Build Orders: Hatch First 

Get SALT Encoding   

  12  0:00  Drone  
  13  0:08  Drone  
  14  0:16  Overlord  
  14  0:39  Hatchery  
  13  0:43  Drone  
  13  0:47  Drone  
  15  0:50  Drone  
  15  0:55  Drone  
  17  1:10  Spawning Pool  
  16  1:12  Drone  
  16  1:15  Extractor  
  16  1:17  Drone  
  17  1:26  Drone  
  18  1:37  Drone  
  19  1:47  Drone  
  19  1:53  Drone  
  21  1:56  Queen x2  
  21  2:01  Overlord  
  25  2:03  Zergling x2  
  26  2:09  Zergling x2  
  26  2:13  Drone  
  28  2:19  Metabolic Boost  
  28  2:20  Zergling x2  
  29  2:25  Drone  
  30  2:32  Queen  
  34  2:39  Overlord  
  34  2:41  Drone  
  34  2:43  Drone  
  36  2:47  Spore Crawler  
  36  2:49  Drone  
  36  2:51  Queen  
  34  2:58  Zergling x4  
  39  3:03  Overlord  
  39  3:04  Drone x2  
  41  3:06  Drone x2  
  41  3:11  Drone  
  43  3:14  Overlord  
  43  3:19  Spore Crawler  
  42  3:22  Drone x2  
  43  3:30  Drone  
  43  3:32  Drone  
  45  3:37  Hatchery  
  45  3:38  Queen  
  45  3:39  Drone  
  45  3:41  Drone  
  48  3:43  Drone  
  48  3:45  Drone  
  48  3:48  Zergling x4  
  52  3:51  Overlord  
  52  4:00  Zergling x2  
  53  4:03  Zergling x6  
  53  4:06  Zergling x2  
  57  4:13  Zergling x8  
  57  4:14  Drone  
  57  4:15  Queen  
  64  4:23  Drone  
  64  4:24  Roach Warren  
  64  4:26  Overlord  
  64  4:34  Overlord  
  64  4:42  Overlord  
  64  4:47  Drone x4  
  64  4:49  Drone x2  
  64  4:50  Drone x3  
  73  4:55  Lair  
  73  4:56  Queen  
  73  4:58  Drone  
  76  5:01  Drone x2  
  76  5:04  Extractor  
  77  5:09  Overlord  
  77  5:11  Drone x2  
  79  5:22  Roach x4  
  79  5:23  Drone x2  
  79  5:24  Drone, Overlord  
  79  5:27  Overlord  
  92  5:28  Roach x3  
  92  5:31  Drone  
  92  5:34  Drone  
  97  5:44  Roach x2  
  97  5:45  Overlord  
  101  5:50  Drone  
  101  5:51  Spore Crawler  
Show
View Real Time Build Order
Export as new Build Order

Clem Terran 

Build Orders:  

Get SALT Encoding   

  12  0:00  SCV  
  13  0:12  SCV  
  14  0:20  Supply Depot  
  14  0:24  SCV  
  15  0:41  SCV  
  15  0:42  Barracks  
  16  0:44  Refinery  
  16  0:53  SCV  
  17  1:02  Barracks  
  17  1:06  SCV  
  18  1:18  SCV  
  19  1:29  Reaper  
  19  1:30  Orbital Command  
  20  1:34  Supply Depot  
  20  1:49  Reaper  
  21  1:55  SCV  
  22  2:03  Reaper  
  23  2:08  Command Center  
  23  2:11  SCV  
  24  2:16  Refinery  
  25  2:23  SCV  
  26  2:35  SCV  
  26  2:39  Factory  
  26  2:47  SCV  
  26  2:50  Barracks Reactor  
  27  2:55  Barracks Tech Lab  
  27  3:01  Command Center  
  27  3:02  SCV  
  28  3:14  SCV  
  28  3:15  Marine  
  30  3:23  Orbital Command  
  30  3:28  SCV  
  31  3:35  Marine  
  31  3:36  Stimpack  
  31  3:37  Barracks Reactor, Cyclone  
  34  3:42  Cyclone  
  34  3:43  SCV  
  37  3:50  SCV  
  37  3:53  Marine  
  37  3:55  SCV  
  40  4:02  SCV, Starport  
  41  4:07  SCV  
  44  4:10  Hellion  
  44  4:11  Marine  
  44  4:14  Hellion, SCV  
  49  4:21  SCV  
  49  4:22  Orbital Command  
  49  4:24  Marine  
  49  4:25  Marine  
  49  4:26  SCV  
  49  4:29  Marine  
  53  4:33  SCV  
  53  4:36  Hellion x2  
  53  4:38  SCV  
  59  4:43  Marine  
  59  4:44  Marine  
  59  4:45  SCV  
  59  4:46  Supply Depot  
  59  4:49  SCV  
  61  4:53  Armory, SCV  
  61  4:55  Marine  
  61  4:57  SCV  
  64  5:03  Medivac, Supply Depot  
  64  5:04  Medivac  
  69  5:07  Orbital Command, Marine  
  69  5:08  Factory Reactor  
  69  5:09  Refinery  
  69  5:10  SCV, Marine  
  69  5:12  SCV  
  69  5:13  Marine  
  73  5:20  Supply Depot  
  73  5:22  Refinery  
  73  5:23  SCV  
  73  5:24  SCV  
  73  5:27  Marine  
  73  5:28  Marine  
  77  5:31  Marine  
  77  5:34  Supply Depot  
  77  5:35  SCV  
  79  5:37  SCV x2  
  81  5:44  Engineering Bay x2  
  81  5:45  Marine  
  81  5:46  Marine  
  83  5:50  SCV  
  85  6:00  Barracks  
  85  6:03  Factory Tech Lab  
Tags
 
Add a new tag
Caveats
  • Supply blocks, unpowered buildings, or Contaminate may cause inaccurate times.
  • Supply counts are checked every 10 seconds.